 Dungeon Crawl Stone Soup version 0.17-a0-854-g4a4ba72 (webtiles) character file.

539 drasked the Cleaver (level 7, -9/88 HPs)
             Began as a Minotaur Berserker on Apr 28, 2015.
             Was a Priest of Trog.
             Killed by divine providence
             ... invoked by an orc priest
              (13 damage)
             ... on level 5 of the Dungeon.
             The game lasted 00:09:33 (3101 turns).

drasked the Cleaver (Minotaur Berserker)            Turns: 3101, Time: 00:09:34

Health: -9/88      AC: 15    Str: 26    XL:     7   Next: 5%
Magic:  6/6        EV: 11    Int:  6    God:    Trog [***...]
Gold:   319        SH:  0    Dex: 10    Spells: 0 memorised, 6 levels left

rFire  . . .     SeeInvis .     a - +0 hand axe
rCold  + . .     Clarity  .     B - +4 scale mail {rC+}
rNeg   . . .     SustAb   .     (no shield)
rPois  .         Gourm    .     (helmet restricted)
rElec  .         Spirit   .     e - +0 cloak
rCorr  .         Warding  .     r - +2 pair of gloves
rMut   .         Stasis   .     (no boots)
MR     .....                    (no amulet)
Stlth  ..........               (no ring)
                                (no ring)

@: berserking, very quick, not resistant to hostile enchantments, extremely
unstealthy
A: retaliatory headbutt, horns 2
a: Burn Spellbooks, Berserk, Trog's Hand, Renounce Religion


You were on level 5 of the Dungeon.
You worshipped Trog.
Trog was most pleased with you.
You were not hungry.

You visited 1 branch of the dungeon, and saw 5 of its levels.

You collected 319 gold pieces.

Inventory:

Hand weapons
 a - a +0 hand axe (weapon)
Armour
 e - a +0 cloak (worn)
 r - a +2 pair of gloves (worn)
 B - a +4 scale mail of cold resistance (worn)
Jewellery
 t - an uncursed ring of teleport control {unknown}
Scrolls
 b - a scroll of torment {unknown}
 d - 4 scrolls of remove curse
 f - a scroll of random uselessness {unknown}
 h - a scroll of fog {unknown}
 i - a scroll of enchant armour {unknown}
 j - 3 scrolls of identify
 m - a scroll of magic mapping {unknown}
 p - a scroll of teleportation {unknown}
 q - 2 scrolls of noise {unknown}
 u - a scroll of recharging {unknown}
 v - 2 scrolls of immolation {unknown}
 y - a scroll of blinking {unknown}
Potions
 g - a potion of magic {unknown}
 l - a potion of heal wounds {unknown}
 o - 2 potions of agility {unknown}
 s - a potion of lignification {unknown}
 x - a potion of resistance {unknown}
 z - 2 potions of haste {unknown}
Comestibles
 c - 2 bread rations
 k - 3 chunks of flesh
 n - a meat ration
 w - a slice of pizza
 A - a beef jerky


   Skills:
 - Level 4.0 Fighting
 + Level 9.1 Axes
 - Level 2.9 Armour
 - Level 2.9 Dodging


You had 6 spell levels left.
You didn't know any spells.

Dungeon Overview and Level Annotations

Branches:
Dungeon (5/15)             Temple (0/1) D:5

Altars:

Shops:
D:5 *


Innate Abilities, Weirdness & Mutations

You reflexively headbutt those who attack you in melee.
You have a pair of horns on your head.


Message History

The orc hits you but does no damage.
You barely miss the orc priest.
The orc priest is almost dead.
You hit the orc priest.
The orc priest is moderately wounded.
You hit the orc.
The orc is almost dead.
The orc priest barely misses you.
You barely miss the orc priest.
The orc priest is moderately wounded.
You closely miss the orc priest.
The orc priest is almost dead.
Your scale mail prevents you from hitting the orc.
The orc is almost dead.
The orc priest mumbles some strange prayers to Beogh against you.
Pain shoots through your body!
* * * LOW HITPOINT WARNING * * *
The orc priest calls down the wrath of Beogh upon you.
Something smites you!
You die...

. ##.......[. ...# ..
........... ...#?
........... .....
###........ .... ##.......
#..# ##...... . #.o#
##..... ...####oo# ##....
.......o@# ##.....
.........### #......
###........########......
#......................
#...##...##..............
.. #...##.8.8.8...<.... .
##.......⌠.⌠.........
...###....#..8.>.8........
..........##..⌠.⌠.........


You could see 2 orc priests and 2 orcs.

Vanquished Creatures
  Eustachio (D:5)
  Edmund (D:5)
  A scorpion (D:5)
  A crimson imp (D:5)
  A centaur skeleton (D:5)
  Ijyb (D:3)
  2 worker ants
  A worker ant zombie (D:5)
  An adder (D:3)
  2 white imps (D:5)
  A shadow imp (D:5)
  2 worms
  5 giant geckos
  An orc (D:3)
  6 bats
  A bat zombie (D:5)
  8 hobgoblins
  4 jackals (D:1)
  6 kobolds
  9 giant cockroaches
  3 giant newts
  6 goblins
  3 quokkas
  10 rats
77 creatures vanquished.

Notes
Turn   | Place    | Note
--------------------------------------------------------------
     0 | D:1      | drasked, the Minotaur Berserker, began the quest for the Orb.
     0 | D:1      | Reached XP level 1. HP: 19/19 MP: 0/0
   230 | D:1      | Reached XP level 2. HP: 27/27 MP: 1/1
   991 | D:2      | Reached skill level 4 in Fighting
  1086 | D:2      | Reached XP level 3. HP: 33/33 MP: 2/2
  1172 | D:2      | Acquired Trog's second power
  2175 | D:3      | Noticed Ijyb
  2182 | D:3      | Killed Ijyb
  2182 | D:3      | Reached skill level 5 in Axes
  2182 | D:3      | Reached XP level 4. HP: 40/40 MP: 3/3
  2713 | D:5      | Entered Level 5 of the Dungeon
  2713 | D:5      | Found a staircase to the Ecumenical Temple.
  2714 | D:5      | Found Olateag's General Store.
  2723 | D:5      | Reached skill level 6 in Axes
  2723 | D:5      | Reached XP level 5. HP: 40/46 MP: 4/4
  2818 | D:5      | Noticed Edmund
  2842 | D:5      | Killed Edmund
  2842 | D:5      | Reached skill level 7 in Axes
  2842 | D:5      | Reached XP level 6. HP: 41/52 MP: 5/5
  2919 | D:5      | Noticed Eustachio
  2963 | D:5      | Killed Eustachio
  2963 | D:5      | Reached skill level 8 in Axes
  3059 | D:5      | Reached skill level 9 in Axes
  3059 | D:5      | Reached XP level 7. HP: 56/59 MP: 6/6
  3101 | D:5      | HP: 4/88 [orc priest/nerve-wracking pain (13)]
  3101 | D:5      | Killed from afar by an orc priest

Action                   |  1- 3 |  4- 6 |  7- 9 || total
-------------------------+-------+-------+-------++-------
Melee: Hand axe          |   117 |   130 |     9 ||   256
Invok: Berserk           |       |       |     1 ||     1
  Use: Scroll            |     2 |       |       ||     2
  Eat: Chunk             |     4 |     3 |       ||     7
